 Dungeon Crawl Stone Soup version 0.29.1-4-g47bece8355 (webtiles) character file.

Game seed: 14960671481871326064

7305 mintfox the Zephyrmancer (level 11, -7/56 HPs)
             Began as a Tengu Air Elementalist on Dec 1, 2022.
             Was a Priest of Ashenzari.
             Killed by an exploding killer bee (9 damage)
             ... ignited by their inner flame
             ... on level 9 of the Dungeon on Dec 2, 2022.
             The game lasted 01:16:27 (9513 turns).

mintfox the Zephyrmancer (Tengu Air Elementalist)   Turns: 9513, Time: 01:16:28

Health: -7/56      AC:  9    Str:  9    XL:     11   Next: 13%
Magic:  9/26       EV: 18    Int: 25    God:    Ashenzari [***...]
Gold:   216        SH:  0    Dex: 15    Spells: 16/31 levels left

rFire   . . .      SeeInvis +   l - +0 whip "Shackled With Me" {Bglg, Cun} (curse)
rCold   . . .      Faith    .   I - orb {*channel}
rNeg    . . .      Spirit   .   a - +0 robe of the Celestial God {Cun, Elem} (curse)
rPois   .          Reflect  .   (helmet restricted)
rElec   .          Harm     .   o - +1 cloak
rCorr   .          Rampage  .   x - +0 pair of gloves
Will    .....      Clarity  +   (boots unavailable)
Stlth   +++.......              i - amulet of the Unyielding Gaze {RegenMP, Elem, Cun} (curse)
HPRegen 0.18/turn               M - +6 ring of intelligence
MPRegen 0.60/turn               z - ring of the Pangnostic Gnosis {AC+4, Comp, Fort} (curse)

@: swift, flying quickly and evasively, very quick
A: beak, talons 3, nimble flight
a: Renounce Religion, Curse Item, Shatter the Chains


You were on level 9 of the Dungeon.
You worshipped Ashenzari.
Ashenzari was most pleased with you.
You visited 1 branch of the dungeon, and saw 9 of its levels.

You collected 543 gold pieces.
You spent 327 gold pieces at shops.

Inventory:

Hand Weapons
 l - the cursed +0 whip "Shackled With Me" (weapon) {Bglg, Cun}
   (You took it off a kobold on level 2 of the Dungeon)

   It has a curse which improves the following skills: Beguiling: Conjurations,
   Hexes and Translocations.
   Cunning:   Dodging and Stealth.
 q - a +0 vorpal hand axe
 v - a +2 flail of draining
 B - a +1 vorpal scythe
 D - a +2 flail of protection
 E - a +4 battleaxe
 F - a +5 halberd
 O - a +3 dagger of chaos
 Q - a +2 scimitar of flaming
Missiles
 g - 16 poisoned darts
Armour
 a - the cursed +0 robe of the Celestial God (worn) {Cun, Elem}

   It has a curse which improves the following skills: Cunning: Dodging and
   Stealth.
   Elements:  Fire Magic, Ice Magic, Air Magic and Earth Magic.
 k - a +2 pair of gloves
 o - a +1 cloak (worn)
 u - the +1 pair of boots of the Cuttlefish {Harm}
   (You found it on level 4 of the Dungeon)

   Harm:      It increases damage dealt and taken.
 x - a +0 pair of gloves (worn)
 I - an orb of energy (worn)
 P - +0 steam dragon scales
Magical Staves
 N - a staff of poison
Jewellery
 i - the cursed amulet of the Unyielding Gaze (around neck) {RegenMP, Elem, Cun}
   (You found it on level 1 of the Dungeon)

   [amulet of magic regeneration]

   It increases your rate of magic regeneration.
   It has a curse which improves the following skills: Elements: Fire Magic, Ice
   Magic, Air Magic and Earth Magic.
   Cunning:   Dodging and Stealth.
 y - a +4 ring of evasion
 z - the cursed ring of the Pangnostic Gnosis (right hand) {AC+4, Comp, Fort}
   (You found it on level 5 of the Dungeon)

   [ring of protection]

   AC:        It affects your AC (+4).
   It has a curse which improves the following skills: Companions: Summonings
   and Necromancy.
   Fortitude: Armour and Shields.
 M - a +6 ring of intelligence (left hand)
Wands
 m - a wand of mindburst (10)
 A - a wand of light (6)
 K - a wand of charming (10)
 T - a wand of polymorph (9)
Scrolls
 e - a scroll of enchant armour
 j - 4 scrolls of identify
 p - a scroll of silence
 r - 2 scrolls of immolation
 t - 2 scrolls of amnesia
 w - a scroll of brand weapon
 J - a scroll of teleportation
 L - a scroll of butterflies
 R - a scroll of magic mapping
Potions
 b - 2 potions of magic
 c - 3 potions of berserk rage
 d - a potion of invisibility
 f - 2 potions of degeneration
 n - 2 potions of mutation
 s - a potion of haste
 C - a potion of brilliance
 G - 3 potions of resistance
 H - 3 potions of heal wounds
 S - a potion of curing


   Skills:
 + Level 1.4 Fighting
 + Level 3.5(6.3) Dodging
 + Level 3.5(6.3) Stealth
 + Level 10.8 Spellcasting
 + Level 8.0(9.6) Conjurations
 + Level 13.3(15.6) Air Magic


You had 16 spell levels left.
You knew the following spells:

 Your Spells              Type           Power      Damage    Failure   Level
a - Shock                 Conj/Air       100%       1d9       1%          1
b - Swiftness             Air            75%        N/A       1%          3
c - Airstrike             Air            37%        2d(6-22)  1%          4
d - Gell's Gravitas       Tloc           14%        N/A       13%         3
e - Flame Wave            Conj/Fire      38%        2d10      6%          4

Your spell library contained the following spells:

 Spells                   Type           Power      Damage    Failure   Level
 Poisonous Vapours        Pois/Air       100%       N/A       1%          2
 Static Discharge         Conj/Air       67%        3-12/arc  1%          2
 Beastly Appendage        Tmut           26%        N/A       4%          1
 Sting                    Tmut/Pois      52%        1d5       4%          1
 Scorch                   Fire           30%        2d7       6%          2
 Wereblood                Tmut           13%        N/A       7%          2
 Lesser Beckoning         Tloc           14%        N/A       13%         3
 Teleport Other           Tloc           14%        N/A       13%         3
 Spider Form              Tmut/Pois      13%        N/A       14%         3
 Olgreb's Toxic Radiance  Pois           13%        N/A       41%         4
 Summon Cactus Giant      Summ           7%         N/A       100%        6


Dungeon Overview and Level Annotations

Branches:
Dungeon (9/15)             Temple (0/1) D:4
   Lair: D:8-11         Orc: D:9-12

Altars:
Ashenzari
Cheibriados
Elyvilon
Kikubaaqudgha
Nemelex Xobeh
Trog
Vehumet
Wu Jian
Xom
Yredelemnul
Zin

Shops:
D:1 !   D:5 [   D:6 :

Annotations:
D:3 Grinder
D:7 3 runed translucent doors, 2 transporters, Wentworth's ghost, novice OpIE


Innate Abilities, Weirdness & Mutations

You have a beak for a mouth.
You have claws for feet.
Your magical nature lets you fly swiftly and evasively.


Message History

You kill the killer bee! (Press . to intensify the flame waves.)
The killer bee completely misses you. The killer bee closely misses you.
The killer bee stings you but does no damage.
Read: 3 scrolls of immolation
Press: ? - help, Q - select action, (/) - cycle Dir - look around, f - activate
As you read the scroll of immolation, it crumbles to dust.
The creatures around you are filled with an inner flame!
The killer bee closely misses you. The killer bee barely misses you.
The killer bee stings you but does no damage.
The killer bee completely misses you. The killer bee closely misses you.
The killer bee stings you but does no damage.
Aiming: Charm
Press: ? - help, Q - select action, (/) - cycle Shift-Dir - straight line, f - killer bee
Aim: a killer bee (moderately wounded, inner flame, chance to affect: 57%)
The killer bee is charmed.
The killer bee misses you. The killer bee completely misses you.
The killer bee stings you but does no damage.
The killer bee closely misses you.
Aiming: Mindburst
Press: ? - help, Q - select action, (/) - cycle Shift-Dir - straight line, f - killer bee, p - killer bee
Aim: a killer bee (heavily wounded, inner flame, chance to affect: 72%)
The killer bee's mind is blasted!
The killer bee explodes!
The fiery explosion engulfs the killer bee!!
The fiery explosion engulfs the two-headed ogre!!
Flame seeps out of the two-headed ogre.
The two-headed ogre is heavily wounded.
The fiery explosion engulfs you!
The killer bee explodes!
The fiery explosion engulfs your killer bee!
The fiery explosion engulfs the two-headed ogre!!
Flame seeps out of the two-headed ogre.
The two-headed ogre is almost dead.
The fiery explosion engulfs you!
* * * LOW HITPOINT WARNING * * *
Your killer bee explodes!
The fiery explosion engulfs the two-headed ogre!!
The fiery explosion engulfs you!
You die...

, #......# ,
#......# * *
#).....# * ,* ,
#......# *
#......# , , , *
#......# * # ,,
#.#..§§§§###...
* ,,
#....§§§.§...#**
##).§§@§##** ,,,
* ###.#### # * *
, , , , , , ,,
,*+* , * , , ,


There were no monsters in sight!

Vanquished Creatures
  Erica (D:8)
  2 two-headed ogres
  Amaemon (D:8)
  Maurice (D:8)
  Joseph (D:7)
  Maggie (D:8)
  An orange demon (D:8)
  Psyche (D:8)
  Prince Ribbit (D:8)
  Sigmund (D:5)
  A wraith (D:7)
  A wyvern (D:8)
  Eustachio (D:5)
  3 yaks (D:7)
  A steam dragon (D:8)
  Edmund (D:5)
  A water moccasin (D:7)
  An ice beast (D:5)
  2 sky beasts (D:8)
  3 black bears (D:4)
  3 ogres
  3 centaurs
  3 phantoms
  A kobold brigand (D:8)
  4 scorpions
  2 bullfrogs (D:7)
  5 wights (D:6)
  4 killer bees (D:9)
  A howler monkey (D:8)
  2 orc priests (D:3)
  2 hounds (D:5)
  Ijyb (D:3)
  Natasha (twice) (D:2)
  4 iguanas
  2 orc wizards (D:8)
  Robin (D:3)
  2 adders (D:6)
  A shadow imp (D:8)
  3 white imps
  An ufetubus (D:5)
  A worm (D:4)
  20 orcs
  4 ball pythons
  8 bats
  3 endoplasms
  4 giant cockroaches
  11 goblins
  10 hobgoblins
  7 jackals
  8 kobolds
  3 quokkas
  3 frilled lizards
  5 rats
160 creatures vanquished.

Vanquished Creatures (others)
  2 withered plants (D:5)
2 creatures vanquished.

Grand Total: 162 creatures vanquished

Notes
Turn   | Place    | Note
-------+----------+-------------------------------------------
     0 | D:1      | mintfox the Tengu Air Elementalist began the quest for the
                  | Orb.
     0 | D:1      | Reached XP level 1. HP: 10/10 MP: 4/4
   207 | D:1      | Reached XP level 2. HP: 15/15 MP: 3/6
   750 | D:1      | Found a faded altar of an unknown god.
   760 | D:1      | Prayed at the altar of an unknown god.
   760 | D:1      | Became a worshipper of Ashenzari the Shackled
  1078 | D:1      | Reached XP level 3. HP: 19/19 MP: 5/7
  1433 | D:1      | Found Kofi's Distillery.
  2346 | D:2      | Noticed Natasha
  2355 | D:2      | Killed Natasha
  2356 | D:2      | Reached skill level 5 in Air Magic
  2356 | D:2      | Reached XP level 4. HP: 16/24 MP: 5/9
  2533 | D:2      | Noticed Natasha
  2550 | D:2      | Killed Natasha
  2668 | D:3      | Noticed Grinder
  2696 | D:3      | Noticed Ijyb
  2708 | D:3      | Killed Ijyb
  2709 | D:3      | Gained mutation: Your magical nature lets you fly swiftly
                  | and evasively. [Tengu growth]
  2709 | D:3      | Reached XP level 5. HP: 7/28 MP: 5/10
  2923 | D:3      | Reached * piety under Ashenzari
  3186 | D:3      | Noticed Robin
  3194 | D:3      | Killed Robin
  3655 | D:4      | Noticed a black bear
  3661 | D:4      | Identified the +1 pair of boots of the Cuttlefish {Harm}
  3664 | D:4      | Killed a black bear
  3665 | D:4      | Reached XP level 6. HP: 32/32 MP: 9/13
  3744 | D:4      | Noticed a black bear
  3749 | D:4      | Killed a black bear
  3750 | D:4      | Reached skill level 6 in Air Magic
  3828 | D:4      | Learned a level 3 spell: Swiftness
  3834 | D:4      | Learned a level 4 spell: Airstrike
  3866 | D:4      | Found an ornate altar of the Wu Jian Council.
  3920 | D:4      | Noticed a black bear
  3926 | D:4      | Killed a black bear
  3927 | D:4      | Reached XP level 7. HP: 36/36 MP: 10/15
  3974 | D:4      | Reached ** piety under Ashenzari
  4040 | D:4      | Found a staircase to the Ecumenical Temple.
  4093 | D:4      | Reached skill level 5 in Spellcasting
  4378 | D:4      | Reached skill level 5 in Conjurations
  4514 | D:5      | Entered Level 5 of the Dungeon
  4523 | D:5      | Found Ithei's Armour Boutique.
  4631 | D:5      | Bought a +0 pair of gloves for 63 gold pieces
  4743 | D:5      | Reached skill level 1 in Fighting
  4898 | D:5      | Noticed Eustachio
  4916 | D:5      | Reached skill level 7 in Air Magic
  4916 | D:5      | Reached XP level 8. HP: 35/43 MP: 6/17
  5121 | D:5      | Noticed Edmund
  5150 | D:5      | Killed Edmund
  5588 | D:5      | Reached *** piety under Ashenzari
  5640 | D:5      | Found a sparkling altar of Nemelex Xobeh.
  5670 | D:5      | Reached skill level 8 in Air Magic
  5736 | D:5      | Found a basalt altar of Yredelemnul.
  5776 | D:5      | Killed Eustachio
  5875 | D:5      | Noticed Sigmund
  5877 | D:5      | Killed Sigmund
  5878 | D:5      | Reached XP level 9. HP: 47/47 MP: 13/20
  6325 | D:6      | Reached skill level 9 in Air Magic
  6572 | D:6      | Found a radiant altar of Vehumet.
  6924 | D:6      | Found Pilat's Book Shoppe.
  6927 | D:6      | Bought a book of Displacement for 264 gold pieces
  7110 | D:7      | Found a white marble altar of Elyvilon.
  7142 | D:7      | Noticed a kobold demonologist
  7143 | D:7      | Noticed a two-headed ogre
  7149 | D:7      | Killed a two-headed ogre
  7150 | D:7      | Reached skill level 10 in Air Magic
  7687 | D:7      | Found a flagged portal.
  7757 | D:7      | Reached XP level 10. HP: 52/52 MP: 8/23
  7815 | D:7      | Noticed Joseph
  7823 | D:7      | Killed Joseph
  7824 | D:7      | Reached skill level 11 in Air Magic
  7966 | D:7      | Noticed Wentworth's ghost (novice OpIE)
  7971 | D:7      | Found a runed translucent gate.
  7972 | D:7      | Found a transporter.
  7972 | D:7      | Found a runed translucent gate.
  7973 | D:7      | Found a transporter.
  7973 | D:7      | Found a runed translucent gate.
  8011 | D:7      | Noticed a two-headed ogre
  8234 | D:7      | Identified the ring "Dacsih" {Will+ Str+4}
  8390 | D:7      | Identified the Grimoire of Frosty Gusts
  8454 | D:7      | Learned a level 3 spell: Gell's Gravitas
  8515 | D:8      | Noticed Prince Ribbit
  8516 | D:8      | Noticed an orange demon
  8516 | D:8      | Noticed Amaemon
  8526 | D:8      | Killed Prince Ribbit
  8706 | D:8      | Killed Amaemon
  8722 | D:8      | Killed an orange demon
  8829 | D:8      | Noticed Maggie
  8850 | D:8      | Reached skill level 12 in Air Magic
  8857 | D:8      | Noticed Erica
  8873 | D:8      | Noticed Psyche
  8877 | D:8      | Killed Psyche
  8878 | D:8      | Reached skill level 10 in Spellcasting
  8940 | D:8      | Killed Erica
  8976 | D:8      | Killed Maggie
  9030 | D:8      | Found a shimmering altar of Xom.
  9046 | D:8      | Reached XP level 11. HP: 56/56 MP: 21/26
  9106 | D:8      | Learned a level 4 spell: Flame Wave
  9112 | D:8      | Noticed Maurice
  9124 | D:8      | Reached skill level 13 in Air Magic
  9132 | D:8      | Killed Maurice
  9310 | D:8      | Found a snail-covered altar of Cheibriados.
  9323 | D:8      | Found a broken altar of Ashenzari.
  9323 | D:8      | Found a glowing silver altar of Zin.
  9351 | D:8      | Found an ancient bone altar of Kikubaaqudgha.
  9358 | D:8      | Found a bloodstained altar of Trog.
  9503 | D:9      | Noticed a two-headed ogre
  9513 | D:9      | HP: 2/56 [spore (17)]
  9513 | D:9      | Killed a two-headed ogre
  9513 | D:9      | Killed by an exploding killer bee... ignited by their inner
                  | flame

Illustrated notes

Levels and vault maps discovered:
D:1:      wander_arrival_estate, layout_basic, serial_shops, shop,
          hellmonk_ecumenical_altar_inner_sanctum
D:2:      layout_loops_corners, uniq_natasha
D:3:      layout_basic, uniq_ijyb, uniq_grinder, uniq_robin
D:4:      layout_loops_ring, mainiacjoe_overflow_cross_hatched,
          minmay_temple_entry_fiery
D:5:      layout_loops_corners, yredelemnul_altar_generic,
          nemelex_dance_club_becter, serial_shops, shop, uniq_edmund,
          uniq_sigmund, uniq_eustachio
D:6:      lemuel_slime, layout_basic, vehumet_crystals, serial_shops,
          shop_statue, water_boxes_lemuel
D:7:      gammafunk_the_bubble [the_bubble_gammafunk_split], layout_basic,
          elyvilon_altar_4, enter_bailey_2, ebering_ghost_rock_garden,
          fountainhead, st_stairs_8, uniq_joseph
D:8:      layout_rooms, lemuel_crystal_altar, minmay_overflow_temple_star_hex,
          hex_intersection, hangedman_abyss_or_decor_stabs, uniq_maggie,
          uniq_maurice, uniq_erica, uniq_psyche, uniq_prince_ribbit1,
          uniq_amaemon
D:9:      layout_roguey, mainiacjoe_overflow_alcove_1, kennysheep_diamond

Skill      XL: |  1  2  3  4  5  6  7  8  9 10 11 |
---------------+----------------------------------+-----
Spellcasting   | 3 4 5 7 8 10 | 10.8
Conjurations   | 2 3 4 5 6 7 8 |  8.0
Air Magic      | 5 6 7 8 10 12 13 | 13.3
Fighting       | 1 |  1.4
Dodging        | 3 |  3.5
Stealth        | 3 |  3.5

Action                   |  1- 3 |  4- 6 |  7- 9 | 10-12 || total
-------------------------+-------+-------+-------+-------++-------
Melee: Unarmed           |     7 |       |       |       ||     7
       Kick              |     1 |       |       |       ||     1
       Whip              |       |       |     1 |       ||     1
 Cast: Shock             |    79 |    84 |   170 |    41 ||   374
       Swiftness         |       |     1 |    18 |     6 ||    25
       Airstrike         |       |       |    30 |    56 ||    86
       Flame Wave        |       |       |       |     2 ||     2
       Gell's Gravitas   |       |       |       |     1 ||     1
Invok: Curse Item        |     1 |     1 |     3 |       ||     5
       Shatter the Chain |       |       |       |     1 ||     1
Evoke: Wand              |       |       |     1 |     2 ||     3
  Use: Scroll            |     3 |       |     3 |     2 ||     8
       Potion            |     2 |     3 |       |     2 ||     7
Armor: Robe              |     6 |     5 |    17 |     9 ||    37
Dodge: Dodged            |    27 |    28 |    51 |    43 ||   149
